 Dungeon Crawl Stone Soup version 0.31-a0-167-g1c394c0614 (webtiles) character file.

Game seed: 6584295026074090669

793 qw the Shooter (level 7, -8/43 HPs)
             Began as a Gargoyle Hunter on June 14, 2023.
             Mangled by a gnoll sergeant
             ... wielding a +0 spear
              (11 damage)
             ... on level 5 of the Dungeon.
             The game lasted 00:01:17 (2733 turns).

qw the Shooter (Gargoyle Hunter)                    Turns: 2733, Time: 00:01:17

Health: -8/43      AC: 15    Str: 15    XL:     7   Next: 88%
Magic:  7/7        EV: 12    Int:  9    God:
Gold:   240        SH:  0    Dex: 21    Spells: 6/6 levels left

rFire   + . .        Y - +2 shortbow
rCold   . . .        (shield currently unavailable)
rNeg    + . .        n - +2 ring mail {rF+}
rPois   inf          i - +0 helmet
rElec   +            f - +0 cloak
rCorr   .            g - +0 pair of gloves
SInv    .            (no boots)
Will    .....        (no amulet)
Stlth   +            d - +6 ring of dexterity
HPRegen 0.27/turn    (no ring)
MPRegen 0.10/turn

%: no passive effects
@: no status effects
A: sickness immunity, AC +4, negative energy resistance 1, electricity
resistance, torment resistance 1, petrification resistance
a: no special abilities


You were on level 5 of the Dungeon.
You visited 1 branch of the dungeon, and saw 5 of its levels.

You collected 240 gold pieces.


Innate Abilities, Weirdness & Mutations

You are immune to sickness and miasma.
Your stone body is resilient. (AC +4)
You are immune to poison.
You resist negative energy. (rN+)
You are resistant to electric shocks. (rElec)
You are resistant to unholy torment.
You are immune to petrification.


   Skills:
 - Level 4.2 Fighting
 + Level 7.9 Ranged Weapons
 - Level 2.3 Armour
 - Level 2.9 Dodging
 - Level 1.1 Stealth


You had 6 spell levels left.
You didn't know any spells.
Your spell library was empty.

Inventory:

Hand Weapons
 Y - a +2 shortbow (weapon)
Armour
 f - a +0 cloak (worn)
 g - a +0 pair of gloves (worn)
 i - a +0 helmet (worn)
 n - a +2 ring mail of fire resistance (worn)
Jewellery
 d - a +6 ring of dexterity (left hand)
Scrolls
 c - a scroll of identify
Potions
 a - a potion of lignification
 b - a potion of haste
 e - a potion of curing
 h - a potion of might {unknown}
 j - a potion of enlightenment {unknown}
 l - a potion of resistance {unknown}
 m - a potion of mutation {unknown}
 o - a potion of degeneration {unknown}

Dungeon Overview and Level Annotations

Branches:
Dungeon (5/15)
 Temple: D:4-7

Altars:
Ashenzari

Annotations:
D:5 exclusion: gnoll


Message History

You shoot an arrow. The arrow hits the gnoll sergeant.
The gnoll sergeant is moderately wounded.
The gnoll sergeant hits you from afar with a +0 spear.
You shoot an arrow. The arrow hits the gnoll sergeant.
The gnoll sergeant is heavily wounded.
The gnoll sergeant hits you but does no damage.
You shoot an arrow.
The arrow hits the gnoll sergeant but does no damage.
The gnoll sergeant is heavily wounded.
A gnoll comes into view. It is wielding a +0 flail.
The gnoll sergeant hits you from afar with a +0 spear.
You shoot an arrow.
The arrow hits the gnoll but does no damage.
The gnoll misses you. The gnoll sergeant barely misses you.
You shoot an arrow. The arrow hits the gnoll.
The gnoll is lightly wounded.
The gnoll hits you but does no damage.
The gnoll sergeant hits you but does no damage.
You shoot an arrow. The arrow barely misses the gnoll.
The arrow hits the gnoll!
The gnoll is heavily wounded.
The gnoll barely misses you.
The gnoll sergeant hits you from afar with a +0 spear.
The gnoll hits you but does no damage. The gnoll sergeant misses you.
You shoot an arrow. The arrow hits the gnoll.
The gnoll is heavily wounded.
The gnoll barely misses you.
The gnoll sergeant hits you from afar with a +0 spear.
You shoot an arrow. The arrow hits the gnoll.
The gnoll is heavily wounded.
The gnoll closely misses you.
The gnoll sergeant hits you from afar with a +0 spear!
The gnoll hits you but does no damage.
You shoot an arrow. The arrow barely misses the gnoll.
The gnoll hits you but does no damage. The gnoll barely misses you.
The gnoll sergeant barely misses you.
You shoot an arrow. The arrow hits the gnoll!
You kill the gnoll!
The gnoll closely misses you.
The gnoll sergeant hits you from afar with a +0 spear!
You die...

#.# g# #####.# g#
######.....# .# ..
##~~~~#####.# .#
..###~~~~~~###..####g##
.........~~............)..#
........~~..........#####.#
...##..~....~~..g)g.# #
...#..~..~~..~.@...##
##..#...~~....~......#
...........}~~.......#
..........~~}........#
#...)....~....~~....##
#...#|...~..~~..~...#
#.........~~....~...#
........?.....~~....#
......%......~~.....#


You could see a gnoll sergeant and a gnoll.

Vanquished Creatures
  Eustachio (D:4)
  Menkaure (D:4)
  2 phantoms
  A bullfrog (D:3)
  2 hounds
  2 iguanas (D:5)
  A sleepcap (D:4)
  Natasha (thrice) (D:4)
  3 gnolls (D:5)
  2 adders
  An ufetubus (D:4)
  2 worms
  2 dart slugs (D:2)
  4 orcs
  5 endoplasms
  3 giant cockroaches
  8 goblins
  9 hobgoblins
  6 kobolds
  3 quokkas
  5 ball pythons
  9 bats
  A frilled lizard (D:3)
76 creatures vanquished.

Notes
Turn   | Place    | Note
-------+----------+-------------------------------------------
     0 | D:1      | qw the Gargoyle Hunter began the quest for the Orb.
     0 | D:1      | Reached XP level 1. HP: 12/12 MP: 1/1
     0 | D:1      | 0 ||| qw: Version: 0.2-a-29-g1fa15c8
     0 | D:1      | 0 ||| qw: Game counter: 4896
     0 | D:1      | 0 ||| qw: Always use a shield: true
     0 | D:1      | 0 ||| qw: God list: Okawaru
     0 | D:1      | 0 ||| qw: Allow faded altars: false
     0 | D:1      | 0 ||| qw: Do Orc after D:15 true
     0 | D:1      | 0 ||| qw: Do second Lair branch before Depths: true
     0 | D:1      | 0 ||| qw: Lair rune preference: random
     0 | D:1      | 0 ||| qw: Plans: Normal, Zot:1-4, Slime:5, God:TSO, Crypt,
                  | Tomb, Abyss, Pan, Hells, Win
     0 | D:1      | 0 ||| PLANNING D:1-11
   187 | D:1      | Reached XP level 2. HP: 12/17 MP: 2/2
   764 | D:1      | 764 ||| UPGRADING to +0 pair of gloves.
   769 | D:1      | 769 ||| UPGRADING to +0 helmet.
   774 | D:1      | 774 ||| UPGRADING to +6 ring of dexterity.
   775 | D:1      | 775 ||| DROPPING ring of wizardry.
   776 | D:1      | 776 ||| READING scroll labelled QEXKU EJIEQYA.
   777 | D:1      | 777 ||| READING scroll labelled CUAKHL DEFU.
   778 | D:1      | 778 ||| DROPPING scroll of butterflies.
   957 | D:2      | Reached XP level 3. HP: 21/21 MP: 3/3
  1025 | D:2      | Reached skill level 5 in Ranged Weapons
  1502 | D:2      | Found a faded altar of an unknown god.
  1503 | D:2      | 1503 ||| UPGRADING to +2 ring mail of fire resistance.
  1513 | D:2      | 1513 ||| DROPPING +0 leather armour.
  1514 | D:2      | 1514 ||| READING scroll labelled NAETAU KEFFA.
  1515 | D:2      | 1515 ||| READING 3 scrolls labelled WEYJYCV GIFF.
  1531 | D:2      | 1531 ||| READING scroll labelled ARUALIHUUG.
  1532 | D:2      | 1532 ||| READING scroll labelled FIRIEPL ZAOVI.
  1533 | D:2      | 1533 ||| DROPPING 2 scrolls of torment.
  1669 | D:3      | Reached skill level 1 in Armour
  1703 | D:3      | Reached XP level 4. HP: 27/27 MP: 4/4
  1717 | D:3      | Noticed a bullfrog
  1723 | D:3      | Killed a bullfrog
  1724 | D:3      | Reached XP level 5. HP: 33/33 MP: 5/5
  1736 | D:3      | Found a broken altar of Ashenzari.
  1779 | D:3      | Identified the +6 whip "Jyrrorph" {venom, rElec rF+ Will-
                  | Dex+5}
  1905 | D:3      | 1905 ||| READING scroll of enchant weapon.
  1905 | D:3      | 1905 ||| ENCHANTING +1 shortbow.
  2030 | D:3      | 2030 ||| READING scroll labelled ZISEITW XEAVVIS.
  2031 | D:3      | 2031 ||| READING scroll labelled HOUNWI CONKU.
  2032 | D:3      | 2032 ||| READING 2 scrolls labelled QAXEJ SIOLI.
  2033 | D:3      | 2033 ||| READING scroll labelled ZEUCOPPONA.
  2034 | D:3      | 2034 ||| DRINKING 2 white potions.
  2035 | D:3      | 2035 ||| DROPPING scroll of poison.
  2170 | D:4      | Noticed a phantom
  2179 | D:4      | Killed a phantom
  2180 | D:4      | Reached skill level 6 in Ranged Weapons
  2180 | D:4      | Reached XP level 6. HP: 31/38 MP: 6/6
  2241 | D:4      | Noticed Menkaure
  2244 | D:4      | Killed Menkaure
  2261 | D:4      | Noticed Eustachio
  2264 | D:4      | Noticed Natasha
  2276 | D:4      | Killed Natasha
  2303 | D:4      | 2303 ||| FLEEEEING.
  2304 | D:4      | 2304 ||| FLEEEEING.
  2305 | D:4      | 2305 ||| FLEEEEING.
  2306 | D:4      | 2306 ||| FLEEEEING.
  2307 | D:4      | 2307 ||| FLEEEEING.
  2308 | D:4      | 2308 ||| STAIRDANCE
  2333 | D:3      | 2333 ||| DRINKING 2 fizzy pink potions.
  2334 | D:3      | 2334 ||| READING 2 scrolls of identify.
  2334 | D:3      | 2334 ||| IDENTIFYING viscous orange potion
  2340 | D:4      | Killed Eustachio
  2341 | D:4      | Reached skill level 7 in Ranged Weapons
  2341 | D:4      | Reached XP level 7. HP: 43/43 MP: 7/7
  2406 | D:4      | Noticed Natasha
  2410 | D:4      | Killed Natasha
  2491 | D:4      | Noticed Natasha
  2495 | D:4      | Killed Natasha
  2575 | D:5      | Entered Level 5 of the Dungeon
  2576 | D:5      | 2576 ||| PLANNING SEWER
  2586 | D:5      | 2586 ||| STAIRDANCE
  2704 | D:5      | 2704 ||| Stepping ~*~*~tactically~*~*~ (outnumbered).
  2711 | D:5      | 2711 ||| UPGRADING to +0 cloak.
  2719 | D:5      | 2719 ||| Stepping ~*~*~tactically~*~*~ (outnumbered).
  2720 | D:5      | 2720 ||| FLEEEEING.
  2721 | D:5      | 2721 ||| FLEEEEING.
  2722 | D:5      | 2722 ||| FLEEEEING.
  2731 | D:5      | HP: 2/43 [gnoll sergeant/+0 spear (9)]
  2733 | D:5      | Mangled by a gnoll sergeant

Levels and vault maps discovered:
D:1:      eino_arrival_tree_alley, layout_loops_ring
D:2:      layout_basic, hellmonk_ecumenical_altar_inner_sanctum
D:3:      layout_rooms, mainiacjoe_overflow_paths
D:4:      layout_basic, uniq_menkaure, uniq_eustachio, uniq_natasha
D:5:      cheibrodos_helix_gallery, layout_rooms, kennysheep_vampire_church,
          mainiacjoe_overflow_concentric_impassable,
          pdpol_wu_jian_five_deadly_venoms, minmay_temple_entry_proselytizer,
          gup_sewer_entry_pipe

Skill      XL: |  1  2  3  4  5  6  7 |
---------------+----------------------+-----
Ranged Weapons | 5 6 7 |  7.9
Armour         | 1 2 |  2.3
Fighting       | 4 |  4.2
Dodging        | 2 |  2.9
Stealth        | |  1.1

Action                     |  1- 3 |  4- 6 |  7- 9 || total
---------------------------+-------+-------+-------++-------
   Fire: Shortbow          |   129 |    99 |    72 ||   300
    Use: Scroll            |     6 |     6 |       ||    12
         Potion            |       |     2 |       ||     2
 Armour: Leather armour    |    19 |       |       ||    19
         Ring mail         |     1 |    75 |    27 ||   103
  Dodge: Dodged            |    33 |    80 |    30 ||   143

Table legend:
 A = Non-vault XP
 B = Vault XP
 C = Vault XP percentage of total XP
 D = Non-vault monster count
 E = Vault monster count
 F = Vault count percentage of total count
                 A         B        C        D         E       F
            +---------+---------+-------+---------+---------+-------
      Total |     606 |     542 |  47.2 |      71 |       5 |   6.6
            +---------+---------+-------+---------+---------+-------
        D:1 |      16 |       0 |   0.0 |       9 |       0 |   0.0
        D:2 |      39 |       0 |   0.0 |      20 |       0 |   0.0
        D:3 |     133 |       0 |   0.0 |      13 |       0 |   0.0
        D:4 |     298 |     404 |  57.5 |      22 |       3 |  12.0
        D:5 |     120 |     138 |  53.5 |       7 |       2 |  22.2
            +---------+---------+-------+---------+---------+-------
